 Dungeon Crawl Stone Soup version 0.28-a0-1510-gd0f6b136d3 (webtiles) character file.

Game seed: 9842913381885197058

651 esteth the Chopper (level 7, -2/66 HPs)
             Began as a Hill Orc Fighter on Jan 14, 2022.
             Slain by a sky beast (4 damage)
             ... on level 5 of the Dungeon.
             The game lasted 00:05:27 (5016 turns).

esteth the Chopper (Hill Orc Fighter)               Turns: 5016, Time: 00:05:27

Health: -2/66      AC:  7    Str: 19    XL:     7   Next: 53%
Magic:  0/7        EV:  9    Int: 16    God:
Gold:   205        SH:  4    Dex: 10    Spells: 6/6 levels left

rFire   . . .      SeeInvis .   a - +0 war axe
rCold   . . .      Faith    .   c - +0 buckler
rNeg    . . .      Spirit   +   b - +0 scale mail
rPois   .          Reflect  .   (no helmet)
rElec   .          Harm     .   (no cloak)
rCorr   .          Rampage  .   (no gloves)
Will    .....                   (no boots)
Stlth   ..........              n - amulet of guardian spirit
HPRegen 0.21/turn               x - +6 ring of intelligence
MPRegen 0.10/turn               (no ring)

@: brilliant
A: no striking features
a: no special abilities


You were on level 5 of the Dungeon.
You visited 1 branch of the dungeon, and saw 5 of its levels.

You collected 205 gold pieces.

Inventory:

Hand Weapons
 a - a +0 war axe (weapon)
Armour
 b - a +0 scale mail (worn)
 c - a +0 buckler (worn)
Jewellery
 n - an amulet of guardian spirit (around neck)
 x - a +6 ring of intelligence (left hand)
Wands
 s - a wand of charming (6)
 y - a wand of paralysis (4)
Scrolls
 e - a scroll of fog {unknown}
 h - a scroll of brand weapon {unknown}
 j - 3 scrolls of silence {unknown}
 k - a scroll of identify {unknown}
 l - a scroll of noise {unknown}
 m - 2 scrolls of magic mapping {unknown}
 o - 2 scrolls of amnesia {unknown}
 r - a scroll of blinking {unknown}
 t - 2 scrolls of fear {unknown}
 v - a scroll of vulnerability {unknown}
 w - 2 scrolls of enchant armour {unknown}
Potions
 d - 2 potions of might
 f - a potion of curing {unknown}
 g - 2 potions of brilliance
 i - a potion of magic {unknown}
 p - a potion of haste {unknown}
 q - 2 potions of flight {unknown}
 u - 2 potions of lignification {unknown}
 z - 2 potions of mutation {unknown}
 A - a potion of berserk rage {unknown}


   Skills:
 + Level 7.4 Fighting
 + Level 7.5 Axes
 + Level 3.7 Armour
 + Level 1.0 Dodging
 - Level 3.2 Shields


You had 6 spell levels left.
You didn't know any spells.
Your spell library contained the following spells:

 Spells                   Type           Power      Damage    Failure   Level
 Magic Dart               Conj           0%         1d3       67%         1
 Call Imp                 Summ           0%         N/A       82%         2
 Gell's Gravitas          Tloc           0%         N/A       96%         3
 Lesser Beckoning         Tloc           0%         N/A       96%         3
 Mephitic Cloud           Conj/Pois/Air  0%         N/A       96%         3
 Teleport Other           Tloc           0%         N/A       96%         3


Dungeon Overview and Level Annotations

Branches:
Dungeon (5/15)
 Temple: D:4-7

Altars:
Uskayaw
Vehumet
Zin

Shops:
D:1 ?


Message History

You closely miss something. Something hits you but does no damage.
You hit something but do no damage. Something hits you but does no damage.
You miss something. Something hits you but does no damage.
You closely miss something. Something hits you. Something shocks you.
Something hits you. Something shocks you.
You barely miss something.
A sky beast appears from thin air!
Reactivating autopickup.
You block the sky beast's attack.
You closely miss the sky beast.
The sky beast is lightly wounded.
The sky beast hits you but does no damage.
You miss the sky beast.
The sky beast is lightly wounded.
The sky beast flickers out of sight!
Deactivating autopickup; reactivate with Ctrl-A.
Something hits you but does no damage.
You hit something but do no damage. Something hits you.
* * * LOW HITPOINT WARNING * * *
Something shocks you.
* * * LOW HITPOINT WARNING * * *
You miss something.
Something hits you but does no damage. x2
You closely miss something. Something hits you.
* * * LOW HITPOINT WARNING * * *
Something shocks you.
* * * LOW HITPOINT WARNING * * *
You hit something. Something hits you but does no damage.
You slash something! Something hits you.
* * * LOW HITPOINT WARNING * * *
Something shocks you.
* * * LOW HITPOINT WARNING * * *
You hit something. Something hits you but does no damage.
You barely miss something.
A sky beast appears from thin air!
Reactivating autopickup.
The sky beast hits you but does no damage.
It was a potion of brilliance.
You feel clever all of a sudden. The sky beast hits you.
* * * LOW HITPOINT WARNING * * *
The sky beast shocks you.
You die...

#........#
#........#####
#.............
#........#####
#........#
#........#
#####.#### #.#
#@# #Y# #.##
#..# ##.# .#
.# .. ..


You could see a sky beast.

Vanquished Creatures
  Grinder (D:3)
  A water moccasin zombie (D:4)
  A water moccasin skeleton (D:4)
  3 hounds
  Ijyb (D:3)
  An iguana (D:4)
  A hound skeleton (D:4)
  11 adders
  A white imp (D:4)
  An adder skeleton (D:4)
  A worm (D:3)
  A dart slug (D:3)
  5 orcs
  5 bats
  5 endoplasms
  3 giant cockroaches
  6 hobgoblins
  9 jackals
  7 kobolds
  2 quokkas (D:1)
  16 ball pythons
  2 frilled lizards (D:1)
  12 goblins
  3 rats
99 creatures vanquished.

Notes
Turn   | Place    | Note
-------+----------+-------------------------------------------
     0 | D:1      | esteth the Hill Orc Fighter began the quest for the Orb.
     0 | D:1      | Reached XP level 1. HP: 19/19 MP: 1/1
   190 | D:1      | Reached XP level 2. HP: 17/27 MP: 2/2
   359 | D:1      | Found Hibla's Magic Scroll Shoppe.
   686 | D:1      | Reached XP level 3. HP: 23/34 MP: 3/3
   813 | D:1      | Found a faded altar of an unknown god.
  1170 | D:2      | Found a glowing silver altar of Zin.
  1249 | D:2      | Reached XP level 4. HP: 14/41 MP: 4/4
  1602 | D:2      | Reached skill level 5 in Fighting
  2495 | D:3      | Reached skill level 5 in Axes
  2495 | D:3      | Reached XP level 5. HP: 34/48 MP: 5/5
  2689 | D:3      | Noticed Ijyb
  2712 | D:3      | Killed Ijyb
  2996 | D:3      | Found a radiant altar of Vehumet.
  3114 | D:3      | Noticed Grinder
  3128 | D:3      | Paralysed by Grinder for 5 turns
  3145 | D:3      | Paralysed by Grinder for 6 turns
  3153 | D:3      | Killed Grinder
  3154 | D:3      | Reached XP level 6. HP: 22/58 MP: 3/6
  3982 | D:4      | Reached XP level 7. HP: 52/66 MP: 7/7
  4475 | D:4      | Found a hide-covered altar of Uskayaw.
  4922 | D:5      | Entered Level 5 of the Dungeon
  4951 | D:5      | Reached skill level 1 in Dodging
  5016 | D:5      | HP: 2/66 [sky beast (3)]
  5016 | D:5      | Slain by a sky beast

Illustrated notes

Levels and vault maps discovered:
D:1:      elethiomel_arrival_infinity_welcomes_careful_drivers, layout_rooms,
          serial_shops, nicolae_shop_advertising_works
          [nicolae_subvault_shop_adworks], ebering_ecumenical_altar_box
D:2:      layout_rooms, basic_altar
D:3:      layout_loops_corners, lemuel_doored_altar, serial_bayou_pond_c,
          minmay_snake_closets, uniq_grinder, uniq_ijyb
D:4:      layout_cave_pools, mainiacjoe_overflow_paths,
          kennysheep_generic_room_13
D:5:      layout_rooms

Skill      XL: |  1  2  3  4  5  6  7 |
---------------+----------------------+-----
Axes           | 3 4 5 6 7 |  7.5
Fighting       | 4 5 6 7 |  7.4
Dodging        | 1 |  1.0
Armour         | |  3.7
Shields        | |  3.2

Action                   |  1- 3 |  4- 6 |  7- 9 || total
-------------------------+-------+-------+-------++-------
Melee: War axe           |   102 |   157 |    95 ||   354
  Use: Potion            |       |       |     1 ||     1
Armor: Scale mail        |    64 |    82 |    49 ||   195
Dodge: Dodged            |    49 |    79 |    28 ||   156
Block: Buckler           |    28 |    38 |    13 ||    79

Table legend: (Time is in decaauts)
 A = Elapsed time spent in this place.
 B = Non-inter-level travel time spent in this place.
 C = Inter-level travel time spent in this place.
 D = Time resting spent in this place.
 E = Time spent auto-exploring this place.
 F = Levels seen in this place.
 G = Mean time per level.
                   A        B        C        D        E       F      G
               +--------+--------+--------+--------+--------+-----+--------+
         Total |   5120 |   5038 |     82 |   1304 |   2961 |   5 | 1024.0 |
       Dungeon |   5120 |   5038 |     82 |   1304 |   2961 |   5 | 1024.0 |
               +--------+--------+--------+--------+--------+-----+--------+

Top non-repeatable levels by time:
     D:3: 1822 daAuts
     D:1: 1161 daAuts
     D:2: 1038 daAuts
     D:4: 999 daAuts
     D:5: 98 daAuts
